 Dungeon Crawl Stone Soup version 0.28-a0-793-g31680bbd8b (webtiles) character file.

Game seed: 1114726172041203366

23244 pokeman the Eclecticist (level 12, -19/70 HPs)
             Began as a Deep Elf Hedge Wizard on Nov 3, 2021.
             Was a Priest of Vehumet.
             Killed from afar by an ice dragon (40 damage)
             ... with a blast of cold
             ... on level 13 of the Dungeon.
             The game lasted 00:54:24 (17340 turns).

pokeman the Eclecticist (Deep Elf Hedge Wizard)    Turns: 17340, Time: 00:54:25

Health: -19/70     AC: 21    Str:  7    XL:     12   Next: 70%
Magic:  20/35      EV: 13    Int: 25    God:    Vehumet [***...]
Gold:   775        SH:  0    Dex: 14    Spells: 27/46 levels left

rFire   x . .      SeeInvis .   D - +9 mace "Pud Taza" {freeze, rPois rF- Will+++ Dex-3}
rCold   . . .      Faith    .   (no shield)
rNeg    . . .      Spirit   .   K - +0 steam dragon scales
rPois   +          Reflect  .   c - +0 hat
rElec   .          Harm     .   z - +2 cloak
rCorr   .          Rampage  .   s - +2 pair of gloves {Dex+3}
Will    ++++.                   b - +0 pair of boots
Stlth   ++........              R - amulet of regeneration
HPRegen 1.21/turn               v - +4 ring of protection
MPRegen 0.24/turn               N - +4 ring of protection

@: on blink cooldown
A: no striking features
a: Renounce Religion


You were on level 13 of the Dungeon.
You worshipped Vehumet.
Vehumet was most pleased with you.
You visited 2 branches of the dungeon, and saw 14 of its levels.
You also visited: Bailey.

You collected 775 gold pieces.

Inventory:

Hand Weapons
 a - a +2 dagger of venom
 D - the +9 mace "Pud Taza" (weapon) {freeze, rPois rF- Will+++ Dex-3}
   (You found it on level 9 of the Dungeon)

   It freezes those it strikes, dealing additional cold damage.
   It can also slow down cold-blooded creatures.
   Dex:       It affects your dexterity (-3).
   rF:        It makes you vulnerable to fire.
   rPois:     It protects you from poison.
   Will:      It greatly increases your willpower.
 F - a +0 shortbow
 P - a +0 demon blade
Missiles
 f - 132 bolts
 C - a curare-tipped dart
 G - 173 arrows
Armour
 b - a +0 pair of boots (worn)
 c - a +0 hat (worn)
 s - a +2 pair of gloves of dexterity (worn)
 z - a +2 cloak (worn)
 H - a +1 robe of cold resistance
 K - +0 steam dragon scales (worn)
 U - the +4 ring mail of Lifelessness {rF+}
   (You found it in a bailey)

   rF:        It protects you from fire.
 V - +1 ice dragon scales
Jewellery
 v - a +4 ring of protection (left hand)
 y - a ring of ice
 M - a +4 ring of evasion
 N - a +4 ring of protection (right hand)
 Q - a +4 ring of protection
 R - an amulet of regeneration (around neck)
 X - an amulet of guardian spirit
Wands
 B - a wand of charming (21)
 E - a wand of mindburst (7)
 I - a wand of iceblast (2)
 T - a wand of paralysis (11)
Scrolls
 d - 9 scrolls of identify
 e - 4 scrolls of acquirement
 h - 2 scrolls of magic mapping
 l - a scroll of teleportation
 m - 2 scrolls of amnesia
 q - 3 scrolls of fear {unknown}
 r - 2 scrolls of enchant weapon {unknown}
 w - 2 scrolls of enchant armour {unknown}
 O - a scroll of torment {unknown}
 S - a scroll of blinking {unknown}
 W - 2 scrolls of noise {unknown}
 Y - a scroll of silence {unknown}
Potions
 g - 4 potions of haste {unknown}
 i - 2 potions of mutation {unknown}
 j - 2 potions of invisibility {unknown}
 k - a potion of magic {unknown}
 n - 4 potions of lignification {unknown}
 o - 3 potions of cancellation {unknown}
 t - 2 potions of heal wounds {unknown}
 u - 2 potions of ambrosia {unknown}
 x - 2 potions of attraction {unknown}
 A - 4 potions of curing {unknown}
 J - a potion of degeneration {unknown}
 L - a potion of brilliance {unknown}


   Skills:
 + Level 6.0 Fighting
 - Level 5.0 Armour
 - Level 3.0 Dodging
 - Level 3.0 Stealth
 * Level 17.8 Spellcasting
 + Level 10.7 Conjurations
 - Level 1.1 Summonings
 - Level 1.1 Translocations
 + Level 10.2 Fire Magic
 - Level 1.1 Air Magic
 - Level 1.0 Earth Magic
 - Level 1.0 Poison Magic
 - Level 1.0 Evocations


You had 27 spell levels left.
You knew the following spells:

 Your Spells              Type           Power      Damage    Failure   Level
a - Magic Dart            Conj           100%       1d8       1%          1
b - Mephitic Cloud        Conj/Pois/Air  43%        N/A       1%          3
c - Call Imp              Summ           27%        N/A       2%          2
d - Blink                 Tloc           54%        N/A       2%          2
e - Conjure Flame         Conj/Fire      65%        6-21      1%          3
f - Foxfire               Conj/Fire      100%       2x1d9     1%          1
g - Flame Wave            Conj/Fire      65%        3d12      1%          4
h - Stone Arrow           Conj/Erth      100%       3d13      1%          3

Your spell library contained the following spells:

 Spells                   Type           Power      Damage    Failure   Level
 Olgreb's Toxic Radiance  Pois           27%        N/A       4%          4
 Inner Flame              Hex/Fire       47%        N/A       1%          3
 Slow                     Hex            88%        N/A       2%          1
 Passage of Golubria      Tloc           27%        N/A       14%         4
 Silence                  Hex/Air        12%        N/A       43%         5
 Lehudib's Crystal Spear  Conj/Erth      25%        10d7      95%         8


Dungeon Overview and Level Annotations

Branches:
Dungeon (13/15)            Temple (1/1) D:6            Lair (0/6) D:10
    Orc (0/2) D:12         Bailey (visited)
 Vaults: D:13-14

Altars:
Ashenzari
Cheibriados
Dithmenos
Elyvilon
Fedhas
Gozag
Hepliaklqana
Kikubaaqudgha
Makhleb
Nemelex Xobeh
Okawaru
Qazlal
Ru
Sif Muna
Trog
Uskayaw
Vehumet
Wu Jian
Xom
Yredelemnul
Zin
The Shining One
Beogh

Annotations:
D:8 2 transporters


Message History

A wave of flame ripples out!
The flame wave engulfs the ice dragon!!
The ice dragon is burned terribly!
The ice dragon is moderately wounded.
You finish channelling waves of flame.
The ice dragon bites you. The ice dragon completely misses you.
The ice dragon tramples you.
You stumble backwards!
Unknown command.
Casting: Flame Wave (safe; 1% risk of failure)
Confirm with . or Enter, or press ? or * to list all spells.
You blink.
The ice dragon breathes frost at you. The blast of cold hits you!!
You feel stable enough to blink again. The ice dragon breathes frost at you.
The blast of cold hits you!!
Ouch! That really hurt!
* * * LOW HITPOINT WARNING * * *
As you read the scroll labelled NEIGRIYXUD, it crumbles to dust.
You feel strangely unstable.
It was a scroll of teleportation.
Your surroundings seem slightly different.
The ice dragon bites you but does no damage.
The ice dragon claws you but does no damage.
The ice dragon closely misses you.
Casting: Blink (safe; 2% risk of failure)
Confirm with . or Enter, or press ? or * to list all spells.
You blink.
As you read the scroll labelled ABAAKUTTUD, it crumbles to dust.
It is a scroll of amnesia.
Really abort (and waste the scroll)?
Okay, then.
You feel stable enough to blink again.
As you read the scroll labelled OCEGHE KAHA, it crumbles to dust.
You speak a Word of immense power!
It was a scroll of holy word.
Casting: Blink (safe; 2% risk of failure)
Confirm with . or Enter, or press ? or * to list all spells.
You blink.
The ice dragon breathes frost at you. The blast of cold hits you!!!
Ouch! That really hurt!
You die...

...#......>.......#....#.........
...#################...#.........
†..................#...#.........
....<..............#...#........
..........)........#'###........
...........)................#####
...........))...............#....
...####'###########.........#....
...'............@.#.........+....
...#..............#.........##'##
####..............#######'#......
#...########....#.......#......
###.# ...#....#.......#......
#..†# ..#.D..##......#......
###...# #.#.§..##......'......
......# #.#....##......#......
......# #......##......####+#.


You could see an ice dragon (catching breath).

Vanquished Creatures
  Frances (D:12)
  Josephine (D:13)
  3 hydras
  A boulder beetle (D:12)
  A centaur warrior (D:13)
  2 two-headed ogres
  A tengu warrior (D:13)
  2 orc knights (Bailey)
  2 cyclopes
  3 deep elf pyromancers
  2 manticores
  A guardian serpent (shapeshifter) (D:13)
  5 centaur zombies
  4 komodo dragons
  An unseen horror (D:11)
  A freezing wraith (D:13)
  3 meliai (D:11)
  2 hornets (D:9)
  Prince Ribbit (D:5)
  A troll (D:13)
  10 slime creatures
  6 wraiths
  2 shadows
  A wyvern (D:8)
  A basilisk (D:13)
  3 yaks
  Menkaure (D:4)
  3 steam dragons
  An acid dragon (D:12)
  A water moccasin (D:7)
  2 black bears
  8 orc warriors
  5 ogres
  2 necrophages
  2 phantoms
  7 centaurs
  2 kobold brigands
  Blork the orc (D:4)
  3 bullfrogs
  2 scorpions (D:6)
  A water moccasin zombie (D:6)
  A water moccasin skeleton (D:5)
  7 killer bees
  8 howler monkeys
  7 orc priests
  2 jellies
  A bullfrog skeleton (D:6)
  3 hounds
  3 iguanas
  6 orc wizards
  4 killer bee zombies
  A howler monkey skeleton (D:4)
  2 howler monkey zombies
  9 adders
  2 worms (D:4)
  2 dart slugs
  46 orcs
  8 ball pythons
  8 endoplasms
  5 giant cockroaches
  8 goblins
  12 hobgoblins
  2 jackals (D:1)
  4 quokkas
  7 bats
  4 frilled lizards
  24 kobolds
  7 rats
  2 foxfires
297 creatures vanquished.

Vanquished Creatures (others)
  375 foxfires
  85 plants
460 creatures vanquished.

Grand Total: 757 creatures vanquished

Notes
Turn   | Place    | Note
-------+----------+-------------------------------------------
     0 | D:1      | pokeman the Deep Elf Hedge Wizard began the quest for the
                  | Orb.
     0 | D:1      | Reached XP level 1. HP: 10/10 MP: 7/7
   432 | D:1      | Reached XP level 2. HP: 16/16 MP: 5/9
   899 | D:1      | Reached skill level 5 in Spellcasting
  1187 | D:1      | Reached XP level 3. HP: 20/20 MP: 6/11
  1381 | D:1      | Learned a level 3 spell: Mephitic Cloud
  1384 | D:1      | Learned a level 2 spell: Call Imp
  1387 | D:1      | Learned a level 2 spell: Blink
  1391 | D:1      | Learned a level 3 spell: Conjure Flame
  1679 | D:2      | Found a faded altar of an unknown god.
  1755 | D:2      | Reached skill level 1 in Armour
  1985 | D:2      | Reached skill level 1 in Fighting
  2516 | D:2      | Found a glowing golden altar of the Shining One.
  2843 | D:3      | Reached XP level 4. HP: 22/25 MP: 8/13
  2884 | D:3      | Found an iron altar of Okawaru.
  3670 | D:4      | Found an opulent altar of Gozag.
  3711 | D:4      | Reached skill level 1 in Fire Magic
  3733 | D:3      | Reached skill level 6 in Spellcasting
  3849 | D:4      | Reached XP level 5. HP: 29/29 MP: 0/15
  4110 | D:4      | Noticed Blork the orc
  4122 | D:4      | Killed Blork the orc
  4123 | D:4      | Reached skill level 1 in Air Magic
  4430 | D:4      | Noticed a black bear
  4444 | D:4      | Killed a black bear
  4445 | D:4      | Reached skill level 1 in Poison Magic
  4445 | D:4      | Reached XP level 6. HP: 30/34 MP: 14/17
  4502 | D:4      | Reached skill level 7 in Spellcasting
  4717 | D:4      | Noticed Menkaure
  4762 | D:4      | Killed Menkaure
  4763 | D:4      | Reached XP level 7. HP: 10/40 MP: 3/20
  5068 | D:4      | Reached skill level 8 in Spellcasting
  5510 | D:4      | Reached XP level 8. HP: 44/44 MP: 18/22
  5579 | D:4      | Reached skill level 9 in Spellcasting
  5966 | D:5      | Entered Level 5 of the Dungeon
  5966 | D:5      | Noticed Prince Ribbit
  5976 | D:5      | Killed Prince Ribbit
  6034 | D:5      | Reached skill level 5 in Conjurations
  6359 | D:5      | Found an ornate altar of the Wu Jian Council.
  6378 | D:5      | Reached skill level 10 in Spellcasting
  7035 | D:6      | Found a hide-covered altar of Uskayaw.
  7144 | D:6      | Reached XP level 9. HP: 49/49 MP: 9/25
  7341 | D:6      | Found a blossoming altar of Fedhas.
  7393 | D:6      | Found an ancient bone altar of Kikubaaqudgha.
  7588 | D:6      | Reached skill level 5 in Fire Magic
  7603 | D:6      | Reached skill level 11 in Spellcasting
  7741 | D:6      | Noticed a two-headed ogre
  7742 | D:6      | Noticed an eight-headed hydra
  7802 | D:6      | Found a staircase to the Ecumenical Temple.
  8069 | D:6      | Killed a two-headed ogre
  8456 | D:6      | Killed an eight-headed hydra
  8457 | D:6      | Reached skill level 12 in Spellcasting
  8749 | Temple   | Entered the Ecumenical Temple
  9251 | D:7      | Reached XP level 10. HP: 56/56 MP: 22/28
  9438 | D:7      | Found a radiant altar of Vehumet.
  9454 | D:7      | Became a worshipper of Vehumet
  9464 | D:7      | Reached skill level 1 in Evocations
 10194 | D:8      | Reached skill level 13 in Spellcasting
 10430 | D:8      | Found a glowing silver altar of Zin.
 10430 | D:8      | Noticed an angel
 10565 | D:8      | Found a transporter.
 10571 | D:8      | Found a transporter.
 10571 | D:8      | Noticed an ogre mage
 11562 | D:9      | Found a glowing golden altar of the Shining One.
 11565 | D:9      | Identified the +9 mace "Pud Taza" {freeze, rPois rF-
                  | Will+++ Dex-3}
 11703 | D:9      | Noticed a deep elf pyromancer
 11725 | D:9      | Killed a deep elf pyromancer
 11785 | D:9      | Reached * piety under Vehumet
 11785 | D:9      | Offered knowledge of Foxfire by Vehumet.
 11790 | D:9      | Learned a level 1 spell: Foxfire
 11971 | D:9      | Found a white marble altar of Elyvilon.
 12209 | D:9      | Found a stormy altar of Qazlal.
 12531 | D:10     | Entered Level 10 of the Dungeon
 12626 | D:10     | Learned a level 4 spell: Flame Wave
 12744 | D:10     | Reached skill level 14 in Spellcasting
 13234 | D:10     | Found a staircase to the Lair.
 13392 | D:10     | Reached XP level 11. HP: 40/61 MP: 18/31
 13706 | D:11     | Reached ** piety under Vehumet
 13706 | D:11     | Offered knowledge of Static Discharge by Vehumet.
 13710 | D:11     | Noticed a four-headed hydra
 13886 | D:11     | Killed a four-headed hydra
 13916 | D:11     | Reached skill level 15 in Spellcasting
 14140 | D:11     | Reached skill level 5 in Armour
 14661 | D:12     | Identified 4 scrolls of acquirement
 14698 | D:12     | Found a flagged portal.
 14715 | Bailey   | Entered a bailey
 14954 | Bailey   | Noticed an orc knight
 14954 | Bailey   | Noticed an orc knight
 14958 | Bailey   | Killed an orc knight
 14961 | Bailey   | Killed an orc knight
 14961 | Bailey   | Offered knowledge of Stone Arrow by Vehumet.
 15023 | Bailey   | Identified the +4 ring mail of Lifelessness {rF+}
 15163 | D:12     | Noticed a deep elf pyromancer
 15164 | D:12     | Noticed a boulder beetle
 15243 | D:12     | Found a staircase to the Orcish Mines.
 15252 | D:12     | Noticed a boulder beetle
 15299 | D:12     | Killed a boulder beetle
 15304 | D:12     | Learned a level 3 spell: Stone Arrow
 15536 | D:12     | Reached skill level 16 in Spellcasting
 15688 | D:12     | Killed a deep elf pyromancer
 15689 | D:12     | Reached skill level 1 in Earth Magic
 15776 | D:12     | Reached *** piety under Vehumet
 15846 | D:12     | Noticed a two-headed ogre
 15857 | D:12     | Killed a two-headed ogre
 15858 | D:12     | Reached XP level 12. HP: 68/68 MP: 25/34
 15923 | D:12     | Noticed Frances
 15939 | D:12     | Killed Frances
 15940 | D:12     | Reached skill level 5 in Fighting
 16030 | D:12     | Reached skill level 10 in Conjurations
 16261 | D:13     | Noticed a tengu warrior
 16267 | D:13     | Killed a tengu warrior
 16413 | D:13     | Reached skill level 17 in Spellcasting
 16534 | D:13     | Noticed a six-headed hydra
 16547 | D:13     | Killed a six-headed hydra
 16572 | D:13     | Noticed Josephine
 16821 | D:13     | Killed Josephine
 16987 | D:13     | Noticed a centaur warrior
 16995 | D:13     | Killed a centaur warrior
 16996 | D:13     | Reached skill level 10 in Fire Magic
 17000 | D:13     | Offered knowledge of Olgreb's Toxic Radiance by Vehumet.
 17319 | D:13     | Noticed an ice dragon
 17340 | D:13     | Killed from afar by an ice dragon

Illustrated notes

Levels and vault maps discovered:
D:1:      lemuel_arrival_room, layout_basic
D:2:      mumra_celtic_spiral_tile, layout_loops_ring, basic_ecumenical_altar,
          basic_altar
D:3:      layout_loops_ring, mainiacjoe_overflow_concentric_impassable
D:4:      kennysheep_kobold_camp, layout_basic, grunt_gozag_breadcrumbs,
          uniq_blork_the_orc, uniq_menkaure
D:5:      layout_basic, nicolae_wu_jian_wuxing_cycle, lemuel_flame_loot_1,
          uniq_prince_ribbit1
D:6:      minmay_cornered_nines, layout_cave_pools,
          mainiacjoe_overflow_cross_hatched, nicolae_overflow_hidden_temple,
          fedhas_altar_fruit_tree, minmay_temple_entry_statues_pillars,
          grunt_ministairs_9, minmay_misc_feat_rugged
D:7:      layout_loops_ring, mainiacjoe_overflow_small_starburst,
          kennysheep_generic_room_13
D:8:      gammafunk_beogh_shrine, layout_layer_cave, zin_angel
D:9:      layout_irregular_city, nicolae_qazlal_eye_of_the_storm,
          mainiacjoe_overflow_catwalk, nicolae_tso_carved_into_rock
D:10:     layout_long_grid, david_lair_shrubbed, minmay_misc_feat_nine_boxes
D:11:     layout_cave_pools
D:12:     layout_roguey, orc_0_dummy, enter_bailey_4, uniq_frances
D:13:     layout_gridville, david_vaults_4, uniq_josephine
Temple:   minmay_temple_curvy_loop

Skill      XL: |  1  2  3  4  5  6  7  8  9 10 11 12 |
---------------+-------------------------------------+-----
Spellcasting   | 5 6 7 8 10 12 14 16 17 | 17.8
Armour         | 1 3 4 5 |  5.0
Fighting       | 1 2 3 4 6 |  6.0
Conjurations   | 2 3 4 5 7 8 9 10 | 10.7
Dodging        | 3 |  3.0
Fire Magic     | 1 2 3 4 6 7 9 10 | 10.2
Stealth        | 3 |  3.0
Air Magic      | 1 |  1.1
Poison Magic   | 1 |  1.0
Evocations     | 1 |  1.0
Earth Magic    | 1 |  1.0
Summonings     | |  1.1
Translocations | |  1.1

Action                   |  1- 3 |  4- 6 |  7- 9 | 10-12 || total
-------------------------+-------+-------+-------+-------++-------
Melee: Dagger            |     3 |    20 |    82 |    73 ||   178
       Mace              |       |       |       |    61 ||    61
 Cast: Magic Dart        |   126 |   105 |   173 |    31 ||   435
       Mephitic Cloud    |       |     8 |    26 |    48 ||    82
       Conjure Flame     |       |     3 |    23 |    48 ||    74
       Call Imp          |       |     3 |     6 |     3 ||    12
       Blink             |       |       |     5 |     7 ||    12
       Foxfire           |       |       |       |   209 ||   209
       Flame Wave        |       |       |       |    26 ||    26
       Stone Arrow       |       |       |       |    10 ||    10
Evoke: Wand              |       |       |       |     5 ||     5
  Use: Scroll            |       |       |       |     6 ||     6
 Stab: Confused          |       |     3 |     7 |    13 ||    23
Armor: Robe              |     4 |       |       |       ||     4
       Leather armour    |     2 |    13 |    46 |    54 ||   115
       Steam dragon scal |       |       |       |   116 ||   116
Dodge: Dodged            |    32 |    22 |    79 |   197 ||   330

Table legend: (Time is in decaauts)
 A = Elapsed time spent in this place.
 B = Non-inter-level travel time spent in this place.
 C = Inter-level travel time spent in this place.
 D = Time resting spent in this place.
 E = Time spent auto-exploring this place.
 F = Levels seen in this place.
 G = Mean time per level.
                   A        B        C        D        E       F      G
               +--------+--------+--------+--------+--------+-----+--------+
         Total |  17372 |  16824 |    548 |   1428 |  12546 |  15 | 1158.1 |
       Dungeon |  16773 |  16250 |    523 |   1428 |  12220 |  13 | 1290.2 |
        Temple |    221 |    196 |     25 |      0 |    192 |   1 |  221.0 |
        Bailey |    376 |    376 |      0 |      0 |    134 |   1 |  376.0 |
               +--------+--------+--------+--------+--------+-----+--------+

Top non-repeatable levels by time:
     D:4: 2139 daAuts
     D:6: 1795 daAuts
    D:12: 1467 daAuts
     D:2: 1445 daAuts
    D:10: 1406 daAuts
     D:1: 1392 daAuts
     D:8: 1308 daAuts
     D:9: 1154 daAuts
     D:5: 1131 daAuts
     D:3: 988 daAuts
     D:7: 958 daAuts
    D:13: 847 daAuts
    D:11: 738 daAuts
  Bailey: 376 daAuts
  Temple: 221 daAuts
